 Dungeon Crawl Stone Soup version 0.28.0-45-g0d030f2227 (webtiles) character file.

Game seed: 2709552190240938539

37851 Peloso the Carver (level 13, -3/118 HPs)
             Began as a Minotaur Fighter on Apr 1, 2022.
             Was the Champion of Okawaru.
             Slain by an orc warrior
             ... wielding a +0 flail
             ... led by Saint Roka
              (24 damage)
             ... on level 2 of the Orcish Mines.
             The game lasted 00:43:03 (13822 turns).

Peloso the Carver (Minotaur Fighter)               Turns: 13822, Time: 00:43:05

Health: -3/118     AC: 44    Str: 24    XL:     13   Next: 60%
Magic:  12/12      EV:  6    Int:  5    God:    Okawaru [******]
Gold:   1153       SH:  7    Dex: 18    Spells: 12/12 levels left

rFire   . . .      SeeInvis .   a - +5 scimitar (freeze)
rCold   . . .      Faith    .   c - +0 buckler
rNeg    . . .      Spirit   .   U - +14 crystal plate armour "Gasior" {rElec}
rPois   .          Reflect  .   (helmet restricted)
rElec   +          Harm     .   r - +1 cloak
rCorr   .          Rampage  .   T - +2 pair of gloves
Will    +....                   e - +0 pair of boots
Stlth   ..........              o - amulet of regeneration
HPRegen 1.09/turn               x - +6 ring of dexterity
MPRegen 0.13/turn               M - ring of willpower

@: mighty
A: horns 2, retaliatory headbutt
a: Renounce Religion, Heroism, Finesse, Duel


You were on level 2 of the Orcish Mines.
You worshipped Okawaru.
Okawaru was exalted by your worship.
You visited 4 branches of the dungeon, and saw 17 of its levels.
You also visited: Bailey, Ice Cave and Volcano.

You collected 1407 gold pieces.
You spent 254 gold pieces at shops.

Inventory:

Hand Weapons
 a - a +5 scimitar of freezing (weapon)
 b - the +9 war axe of Crusades {drain, rF- Will+++ Str+3}
   (You found it on level 7 of the Dungeon)

   A truly terrible weapon, it drains the life of any living foe it strikes.
   Str:       It affects your strength (+3).
   rF:        It makes you vulnerable to fire.
   Will:      It greatly increases your willpower.
 W - a +1 whip of flaming
Armour
 c - a +0 buckler (worn)
 e - a +0 pair of boots (worn)
 k - +0 ice dragon scales
 l - a +0 plate armour
 r - a +1 cloak (worn)
 K - the +0 cloak of Giptudemm {rF+ Int+5 Dex-4}
   (You acquired it in a volcano)

   Int:       It affects your intelligence (+5).
   Dex:       It affects your dexterity (-4).
   rF:        It protects you from fire.
 T - a +2 pair of gloves (worn)
 U - the +14 crystal plate armour "Gasior" (worn) {rElec}
   (Okawaru gifted it to you on level 12 of the Dungeon)

   rElec:     It insulates you from electricity.
Jewellery
 m - an amulet of guardian spirit
 o - an amulet of regeneration (around neck)
 x - a +6 ring of dexterity (left hand)
 y - a +6 ring of dexterity
 M - a ring of willpower (right hand)
 S - an amulet of the acrobat
Wands
 j - a wand of paralysis (5)
 q - a wand of digging (2)
 u - a wand of acid (5)
 v - a wand of flame (19)
 N - a wand of iceblast (11)
 V - a wand of polymorph (5)
Scrolls
 f - 2 scrolls of holy word
 g - 2 scrolls of immolation
 h - 7 scrolls of enchant armour
 s - 2 scrolls of brand weapon
 t - 6 scrolls of teleportation
 w - 4 scrolls of blinking
 B - 2 scrolls of identify
 C - a scroll of silence
 D - a scroll of acquirement
 E - 3 scrolls of enchant weapon
 I - 4 scrolls of fog
 J - 2 scrolls of amnesia
 R - a scroll of noise
Potions
 d - 2 potions of might
 i - 2 potions of flight
 n - 2 potions of lignification {unknown}
 p - 4 potions of curing
 z - 2 potions of mutation {unknown}
 A - 5 potions of heal wounds {unknown}
 F - 4 potions of haste
 G - a potion of experience
 H - a potion of cancellation {unknown}
 L - 2 potions of attraction {unknown}
 O - a potion of ambrosia {unknown}
 P - a potion of magic {unknown}
 Q - a potion of brilliance
Miscellaneous
 X - a condenser vane


   Skills:
 + Level 12.0 Fighting
 + Level 14.7 Long Blades
 + Level 10.5 Axes
 + Level 14.0 Armour
 + Level 2.6 Dodging
 + Level 2.9 Stealth
 + Level 11.6 Shields
 + Level 0.7 Invocations
 + Level 3.6 Evocations


You had 12 spell levels left.
You didn't know any spells.
Your spell library contained the following spells:

 Spells                   Type           Power      Damage    Failure   Level
 Magic Dart               Conj           0%         1d3       100%        1
 Shock                    Conj/Air       0%         1d3       100%        1
 Static Discharge         Conj/Air       0%         N/A       100%        2
 Confusing Touch          Hex            0%         N/A       100%        3
 Gell's Gravitas          Tloc           0%         N/A       100%        3
 Lesser Beckoning         Tloc           0%         N/A       100%        3
 Mephitic Cloud           Conj/Pois/Air  0%         N/A       100%        3
 Teleport Other           Tloc           0%         N/A       100%        3
 Iskenderun's Mystic Bla  Conj/Tloc      0%         2d3       100%        4
 Petrify                  Tmut/Erth      0%         N/A       100%        4
 Sticky Flame             Conj/Fire      0%         2d3       100%        4
 Alistair's Intoxication  Tmut/Pois      0%         N/A       100%        5
 Borgnjor's Vile Clutch   Necr/Erth      0%         N/A       100%        5
 Fireball                 Conj/Fire      0%         3d3       100%        5
 Freezing Cloud           Conj/Ice/Air   0%         6-21      100%        5
 Metabolic Englaciation   Hex/Ice        0%         N/A       100%        5
 Yara's Violent Unravell  Hex/Tmut       0%         3d3       100%        5
 Conjure Ball Lightning   Conj/Air       0%         3x3d6     100%        6
 Eringya's Noxious Bog    Tmut/Pois      0%         N/A       100%        6
 Starburst                Conj/Fire      0%         6d3       100%        6
 Statue Form              Tmut/Erth      0%         N/A       100%        6
 Enfeeble                 Hex            0%         N/A       100%        7
 Storm Form               Tmut/Air       0%         N/A       100%        7
 Ignition                 Fire           0%         3d3       100%        8
 Maxwell's Capacitive Co  Air            0%         ∞         100%        8
 Polar Vortex             Ice            0%         N/A       100%        9
 Call Imp                 Summ           Unusable   N/A       N/A         2
 Summon Lightning Spire   Summ/Air       Unusable   N/A       N/A         4
 Simulacrum               Ice/Necr       Unusable   N/A       N/A         6

Dungeon Overview and Level Annotations

Branches:
Dungeon (12/15)            Temple (1/1) D:7            Lair (2/6) D:10
 Shoals (0/4) Lair:2          Orc (2/2) D:12            Elf (0/3) Orc:2
 Bailey (visited)           IceCv (visited)         Volcano (visited)
  Snake: Lair:2-4    Spider: Lair:2-4

Altars:
Ashenzari
Cheibriados
Dithmenos
Elyvilon
Gozag
Kikubaaqudgha
Makhleb
Okawaru
Qazlal
Ru
Trog
Uskayaw
Yredelemnul
Zin
The Shining One

Shops:
D:6 :!(   D:8 (

Annotations:
D:8 Dig
D:10 3 runed translucent doors, Peloso's ghost, journeyman MiFi
Orc:2 Saint Roka


Innate Abilities, Weirdness & Mutations

You have a pair of horns on your head.
You reflexively headbutt those who attack you in melee.


Message History

The orc warrior hits you but does no damage.
You slash Saint Roka! You freeze Saint Roka.
You headbutt Saint Roka, but do no damage.
Saint Roka is moderately wounded.
Saint Roka mumbles some strange prayers to Beogh against you.
Beogh smites you! The orc warrior barely misses you.
Unknown command.
You slash Saint Roka! You freeze Saint Roka.
Saint Roka is moderately wounded.
Unknown command.
You slice Saint Roka!! You freeze Saint Roka. You headbutt Saint Roka!
Saint Roka is heavily wounded.
You block Saint Roka's attack.
The orc warrior hits you with a +0 flail.
Unknown command.
You slash Saint Roka! You freeze Saint Roka. You headbutt Saint Roka!!
Saint Roka is heavily wounded.
Saint Roka hits you with a +2 great sword!
* * * LOW HITPOINT WARNING * * *
The orc warrior closely misses you. You furiously retaliate!
You headbutt the orc warrior!
Unknown command.
You barely miss Saint Roka. You headbutt Saint Roka.
Saint Roka is severely wounded.
Saint Roka closely misses you.
The orc warrior hits you but does no damage.
You hit Saint Roka but do no damage. You headbutt Saint Roka!
Saint Roka is severely wounded.
Unknown command.
You hit Saint Roka but do no damage.
Saint Roka is severely wounded.
Saint Roka hits you but does no damage. You block the orc warrior's attack.
Unknown command.
You slash Saint Roka! You freeze Saint Roka.
Saint Roka is severely wounded.
Saint Roka calls down the wrath of Beogh upon you.
Beogh smites you!
* * * LOW HITPOINT WARNING * * *
The orc warrior hits you with a +0 flail!!
You die...

##.............<..........##
#.............[............#
*#...#.....................##
###............))............###
.#......#.....†[........##..##.##
.............)[)....)[..#.#))...#
.....#.......#)[....[.......)....
##.####..........................
##.###.........o@................
#...###.........o.#..........#...
##.####..........#..........###.#
### #.......#.............## ###
##....)................#
###..................##
##........#...#..#...##
#....#.......#........# **
##.####.#.#.###########


You could see Saint Roka and an orc warrior (strong).

Vanquished Creatures
  An ettin (Orc:2)
  A boulder beetle (D:11)
  Harold (Orc:1)
  2 tengu warriors (D:12)
  3 two-headed ogres
  A hell hog (Volcano)
  Sonja (Lair:1)
  A fire crab (Volcano)
  3 skeletal warriors (D:12)
  A deep elf pyromancer (D:10)
  An orc sorcerer (Orc:1)
  A lindwurm (Lair:1)
  3 orc knights
  An ugly thing (IceCv)
  2 cyclopes
  Maurice (D:12)
  A black mamba (Lair:1)
  A gargoyle (D:10)
  3 ice statues (IceCv)
  3 cane toads (Lair:1)
  An unseen horror (D:12)
  8 rime drakes
  A freezing wraith (IceCv)
  Psyche (D:12)
  3 kobold demonologists (D:9)
  2 komodo dragons
  An entropy weaver simulacrum (IceCv)
  5 trolls
  10 slime creatures (D:12)
  A meliai zombie (D:11)
  2 shadows (D:12)
  A vampire (D:12)
  28 yaks
  A basilisk (D:12)
  A death yak simulacrum (IceCv)
  A human (D:12)
  4 vampire mosquitoes (D:10)
  Menkaure (D:7)
  5 steam dragons
  6 wargs
  A harpy simulacrum (IceCv)
  Duvessa (D:4)
  2 hell hounds (Volcano)
  4 water moccasins
  23 orc warriors
  2 acid dragons
  A hornet zombie (D:9)
  An ice beast (D:7)
  A black bear (Lair:1)
  3 ogres
  3 wolves (Lair:1)
  10 centaurs
  A phantom (D:6)
  2 kobold brigands
  8 bullfrogs
  Blork the orc (D:6)
  A cane toad simulacrum (IceCv)
  Dowan (D:4)
  3 elephant simulacra (IceCv)
  29 killer bees
  4 wights (D:8)
  5 howler monkeys
  2 electric eels (D:6)
  A jelly (D:7)
  4 centaur zombies
  4 hounds
  11 orc priests
  2 centaur skeletons (D:7)
  A gnoll shaman (D:9)
  2 iguanas
  15 orc wizards
  A polar bear simulacrum (IceCv)
  A wolf simulacrum (IceCv)
  A killer bee zombie (D:9)
  A howler monkey zombie (D:7)
  7 gnolls
  A howler monkey skeleton (D:7)
  4 adders
  2 ufetubi (D:5)
  2 worms
  4 dart slugs
  72 orcs
  8 endoplasms
  9 goblins
  10 hobgoblins
  3 quokkas
  7 ball pythons
  7 bats
  A frilled lizard (D:2)
  16 kobolds
  11 rats
432 creatures vanquished.

Vanquished Creatures (others)
  3 fungi (Lair:2)
  4 plants
  2 withered plants (Lair:2)
9 creatures vanquished.

Grand Total: 441 creatures vanquished

Notes
Turn   | Place    | Note
-------+----------+-------------------------------------------
     0 | D:1      | Peloso the Minotaur Fighter began the quest for the Orb.
     0 | D:1      | Reached XP level 1. HP: 19/19 MP: 0/0
   263 | D:1      | Reached XP level 2. HP: 15/27 MP: 1/1
   998 | D:2      | Reached XP level 3. HP: 6/33 MP: 2/2
  1319 | D:2      | Reached XP level 4. HP: 40/40 MP: 3/3
  2250 | D:4      | Noticed Dowan
  2251 | D:4      | Noticed Duvessa
  2262 | D:4      | Killed Duvessa
  2263 | D:4      | Reached skill level 1 in Dodging
  2263 | D:4      | Reached XP level 5. HP: 34/47 MP: 4/4
  2264 | D:4      | Killed Dowan
  2265 | D:4      | Reached skill level 5 in Long Blades
  2265 | D:4      | Reached XP level 6. HP: 41/53 MP: 5/5
  2343 | D:4      | Reached skill level 5 in Armour
  2920 | D:5      | Entered Level 5 of the Dungeon
  2923 | D:5      | Noticed a water moccasin
  2927 | D:5      | Killed a water moccasin
  2928 | D:5      | Reached skill level 5 in Fighting
  2928 | D:5      | Reached XP level 7. HP: 61/61 MP: 6/6
  3297 | D:5      | Found a burning altar of Makhleb.
  3475 | D:5      | Found a bloodstained altar of Trog.
  3476 | D:5      | Found a glowing silver altar of Zin.
  3541 | D:5      | Found a glowing golden altar of the Shining One.
  3899 | D:6      | Reached skill level 1 in Evocations
  3989 | D:6      | Noticed Blork the orc
  3994 | D:6      | Killed Blork the orc
  4084 | D:6      | Found Itumaut's Distillery.
  4101 | D:6      | Bought a potion of curing for 42 gold pieces
  4101 | D:6      | Bought a potion of flight for 42 gold pieces
  4101 | D:6      | Bought a potion of degeneration for 14 gold pieces
  4117 | D:6      | Found Kinumug's Book Boutique.
  4404 | D:6      | Reached skill level 5 in Shields
  4404 | D:6      | Reached XP level 8. HP: 69/69 MP: 7/7
  4505 | D:6      | Found Etiopt's Antique Weapon Emporium.
  4824 | D:7      | Noticed Menkaure
  4838 | D:7      | Killed Menkaure
  4839 | D:7      | Reached XP level 9. HP: 23/77 MP: 8/8
  5148 | D:7      | Found a staircase to the Ecumenical Temple.
  5157 | Temple   | Entered the Ecumenical Temple
  5226 | Temple   | Became a worshipper of Warmaster Okawaru
  5422 | D:7      | Identified the +9 war axe of Crusades {drain, rF- Will+++
                  | Str+3}
  5583 | D:8      | Found Utuyv's Antique Weapon Shop.
  5621 | D:8      | Noticed an ogre mage
  5621 | D:8      | Noticed a centaur warrior
  5668 | D:8      | Reached skill level 10 in Long Blades
  5678 | D:8      | Reached skill level 1 in Axes
  5678 | D:8      | Found a snail-covered altar of Cheibriados.
  5745 | D:8      | Found a flagged portal.
  5757 | Bailey   | Entered a bailey
  6013 | Bailey   | Reached * piety under Okawaru
  6193 | Bailey   | Noticed an orc knight
  6204 | Bailey   | Killed an orc knight
  6204 | Bailey   | Noticed an orc knight
  6205 | Bailey   | Reached skill level 1 in Stealth
  6205 | Bailey   | Reached XP level 10. HP: 88/88 MP: 9/9
  6236 | Bailey   | Killed an orc knight
  6236 | Bailey   | Reached ** piety under Okawaru
  6369 | D:8      | Noticed a rakshasa
  6370 | D:8      | Noticed a deep elf pyromancer
  6371 | D:8      | Noticed a manticore
  6375 | D:8      | Noticed a cyan ugly thing
  6435 | D:8      | You fall into a shaft and drop 2 floors!
  6435 | D:10     | Entered Level 10 of the Dungeon
  6447 | D:10     | Found an opulent altar of Gozag.
  6512 | D:10     | Reached skill level 10 in Armour
  6514 | D:10     | Reached skill level 5 in Axes
  6731 | D:9      | Reached *** piety under Okawaru
  6772 | D:8      | Bought a glowing long sword for 156 gold pieces
  6832 | D:9      | Noticed a sun demon
  7157 | D:10     | Noticed a deep elf pyromancer
  7164 | D:10     | Killed a deep elf pyromancer
  7164 | D:10     | Reached **** piety under Okawaru
  7165 | D:10     | Reached XP level 11. HP: 57/97 MP: 10/10
  7345 | D:10     | Found a runed translucent gate.
  7345 | D:10     | Found a runed translucent gate.
  7345 | D:10     | Found a runed translucent gate.
  7350 | D:10     | Noticed Peloso's ghost (journeyman MiFi)
  7657 | D:10     | Found a staircase to the Lair.
  8385 | D:11     | Noticed a two-headed ogre
  8445 | D:10     | Killed a two-headed ogre
  8478 | D:11     | Reached ***** piety under Okawaru
  8525 | D:11     | Noticed a boulder beetle
  8538 | D:11     | Killed a boulder beetle
  8546 | D:11     | Noticed a two-headed ogre
  8561 | D:11     | Killed a two-headed ogre
  8634 | D:11     | Got the Collected Works on Conjuration
  9040 | Lair:1   | Entered Level 1 of the Lair of Beasts
  9056 | Lair:1   | Identified 2 scrolls of acquirement
  9185 | Lair:1   | Noticed Sonja
  9193 | Lair:1   | Killed Sonja
  9290 | Lair:1   | Noticed a lindwurm
  9290 | Lair:1   | Found a dark tunnel.
  9299 | Volcano  | Entered a volcano
  9323 | Volcano  | Noticed a hell hog
  9341 | Volcano  | Killed a hell hog
  9341 | Volcano  | Reached ****** piety under Okawaru
  9342 | Volcano  | Reached skill level 10 in Fighting
  9479 | Volcano  | Acquired the +0 cloak of Giptudemm {rF+ Int+5 Dex-4}
  9536 | Volcano  | Noticed a fire crab
  9548 | Volcano  | Killed a fire crab
  9549 | Volcano  | Reached XP level 12. HP: 106/106 MP: 11/11
 10648 | Lair:2   | Found a staircase to the Shoals.
 10661 | Lair:2   | Identified the +2 pair of boots "Firaor" {rElec rPois rF-
                  | Will-} (Okawaru gifted it to you on level 2 of the Lair of
                  | Beasts)
 10661 | Lair:2   | Received a gift from Okawaru
 11088 | Lair:2   | Reached skill level 10 in Shields
 11189 | Lair:2   | Noticed a six-headed hydra
 11398 | D:12     | Found a staircase to the Orcish Mines.
 11712 | D:12     | Reached XP level 13. HP: 45/116 MP: 12/12
 11857 | D:12     | Found an ancient bone altar of Kikubaaqudgha.
 11860 | D:12     | Noticed Psyche
 11868 | D:12     | Killed Psyche
 12023 | D:12     | Identified the +14 crystal plate armour "Gasior" {rElec}
                  | (Okawaru gifted it to you on level 12 of the Dungeon)
 12023 | D:12     | Received a gift from Okawaru
 12302 | Orc:1    | Entered Level 1 of the Orcish Mines
 12321 | Orc:1    | Noticed an ettin
 12336 | Orc:1    | Noticed Maurice
 12536 | D:12     | Killed Maurice
 12698 | Orc:1    | Noticed Harold
 12706 | Orc:1    | Killed Harold
 12720 | Orc:1    | Paralysed by an orc sorcerer for 5 turns
 13036 | Orc:2    | Entered Level 2 of the Orcish Mines
 13041 | Orc:2    | Killed an ettin
 13073 | Orc:2    | Found a frozen archway.
 13083 | IceCv    | Entered an ice cave
 13508 | Orc:2    | Reached skill level 10 in Axes
 13619 | Orc:2    | Found a staircase to the Elven Halls.
 13626 | Orc:2    | Noticed Saint Roka
 13822 | Orc:2    | Slain by an orc warrior

Illustrated notes

Levels and vault maps discovered:
D:1:      beargit_arrival_greenhouse, layout_basic, chequers_serial_rivers_marsh
D:2:      layout_loops_cross
D:3:      layout_rooms, minmay_statues_item, minivault_4
D:4:      layout_loops_ring, serial_glass, glass_columns_c, glass_columns_b,
          uniq_duvessa
D:5:      layout_basic, nicolae_overflow_hidden_temple
D:6:      layout_cave_pools, serial_shops, kennysheep_mini,
          nicolae_inconvenience_store, shop_statue, uniq_blork_the_orc
D:7:      kennysheep_six_static_rooms, layout_loops_ring,
          minmay_temple_entry_sparse_star, uniq_menkaure
D:8:      layout_gridville, kennysheep_slug_shrine, enter_bailey_7,
          serial_shops, nicolae_take_the_stairs,
          onia_ninara_dug_in_and_dangerous, uniq_erica
D:9:      layout_layer_cave
D:10:     layout_gridville, grunt_gozag_statues, erik_lair_orcish_takeover,
          gammafunk_ghost_spectres, solitary_fountain
D:11:     layout_rooms
D:12:     layout_loops_ring, erik_orc_4, chequers_arboretum,
          kiku_gazebo_pond_becter, uniq_psyche
Temple:   eino_temple_scatter_basement
Lair:1:   layout_cave_shapes, nicolae_volcano_entry_vermiform,
          grunt_megastairs_5, uniq_sonja
Lair:2:   layout_cellular_growth, shoals_dummy_entry, gammafunk_ghost_cemetery,
          special_room [special_room_bee], bobbens_dragon_lair_wall
Orc:1:    layout_diamond_mine, nicolae_orc_tapped_out, uniq_harold, uniq_maurice
Orc:2:    st_orc_congregation, layout_caves, portal_ice_cave_rime,
          uniq_saint_roka

Skill      XL: |  1  2  3  4  5  6  7  8  9 10 11 12 13 |
---------------+----------------------------------------+-----
Shields        | 4 5 6 7 9 10 11 | 11.6
Fighting       | 4 5 6 7 9 10 11 12 | 12.0
Long Blades    | 3 4 5 6 7 9 10 12 14 | 14.7
Armour         | 4 5 6 7 9 10 11 13 14 | 14.0
Dodging        | 1 2 |  2.6
Evocations     | 1 2 3 |  3.6
Axes           | 4 8 9 10 | 10.5
Stealth        | 1 2 |  2.9
Invocations    | |  0.7

Action                   |  1- 3 |  4- 6 |  7- 9 | 10-12 | 13-15 || total
-------------------------+-------+-------+-------+-------+-------++-------
Melee: Long sword        |    65 |   115 |   147 |    58 |       ||   385
       Headbutt          |    13 |    16 |    44 |   129 |    75 ||   277
       War axe           |       |       |    66 |    92 |   104 ||   262
       Scimitar          |       |       |       |   355 |   182 ||   537
Invok: Heroism           |       |       |     1 |     4 |     6 ||    11
Evoke: Wand              |       |     2 |    19 |     7 |       ||    28
  Use: Potion            |       |     1 |       |     4 |     1 ||     6
       Scroll            |       |       |       |    13 |     1 ||    14
 Stab: Paralysed         |       |       |     6 |     1 |       ||     7
Armor: Scale mail        |    32 |     4 |       |       |       ||    36
       Plate armour      |       |    45 |   148 |   361 |    27 ||   581
       Chain mail        |       |     6 |       |       |       ||     6
       Crystal plate arm |       |       |       |       |   196 ||   196
       Ice dragon scales |       |       |       |       |    37 ||    37
Dodge: Dodged            |    30 |    36 |    91 |   244 |    84 ||   485
Block: Buckler           |    19 |    20 |    77 |   261 |   123 ||   500
